AoeStats
← StepingBySky

Socotra

506476166Analyzed
3v3 RM · 20d ago on Sep 13, 2026· 35m 50s· 6 players
Game mode
Random Map
Map size
128×128
Population
200
Speed
Normal
Resources
Standard
Victory
Conquest
Starting age
Dark Age
Ending age
Imperial Age
RankedLock teamsTeams togetherTeam positionsShared explorationLock speedFull tech treeHidden civsTurbo modeCheats
Victory
Defeat
🇸🇮 Britons · Slovenia
875
+13
🇸🇮 Chinese · Slovenia
831
+15
🇸🇮 Goths · Slovenia
790
+17
🇷🇺 Malay · Russia
876
-29
🇮🇹 Britons · Italy
820
-15
🇺🇸 Mapuche · United States
746
-12
Merjasec
1:24 Loom
10:43 Feudal Age
11:18 Double-Bit Axe
17:07 Fletching
18:22 Horse Collar
22:54 Padded Archer Armor
23:05 Forging
25:58 Castle Age
25:26 Stone Mining
27:18 Crossbowman
28:25 Gold Mining
37:49 Imperial Age
Macolar
12:52 Feudal Age
18:47 Padded Archer Armor
22:41 Castle Age
23:12 Crossbowman
23:46 Fletching
24:12 Leather Archer Armor
29:24 Bodkin Arrow
34:13 Wheelbarrow
34:30 Man-at-Arms
Larri with a Y
1:29 Loom
11:40 Feudal Age
11:46 Man-at-Arms
12:18 Double-Bit Axe
16:28 Fletching
16:39 Padded Archer Armor
27:08 Town Watch
29:07 Forging
31:13 Scale Mail Armor
Bwinthehouse
11:30 Feudal Age
13:28 Double-Bit Axe
13:24 Horse Collar
14:27 Champi Runner
StepingBySky
14:27 Feudal Age
17:28 Man-at-Arms
18:46 Town Watch
21:27 Fletching
27:52 Horse Collar
~Giulia~
0:30 Loom
11:31 Feudal Age
11:58 Double-Bit Axe
12:35 Town Watch
13:05 Horse Collar
22:15 Fletching
Connection lost

Rejoining the realm…

Still unreachable

The connection could not be restored.

Session expired

The server has moved on; the page needs a fresh start.